 Dungeon Crawl Stone Soup version 0.31-a0-358-gac0dbeb3ab (webtiles) character file.

Game seed: 9777764569320179105

8367 rlaxxx the Grappler (level 11, 0/102 HPs)
             Began as a Troll Berserker on July 25, 2023.
             Was a High Priest of Trog.
             Slain by a killer bee (5 damage)
             ... on level 9 of the Dungeon.
             The game lasted 00:30:59 (7600 turns).

rlaxxx the Grappler (Troll Berserker)               Turns: 7600, Time: 00:30:59

Health: 0/102      AC:  6    Str: 27    XL:     11   Next: 9%
Magic:  12/12      EV: 12    Int:  8    God:    Trog [*****.]
Gold:   405        SH:  0    Dex: 12    Spells: 10/10 levels left

rFire   . .          .
                       - Unarmed
rCold   + . .        (no shield)
rNeg    + . .        w - +2 robe {rN+}
rPois   .            (helmet restricted)
rElec   +            (no cloak)
rCorr   .            (gloves unavailable)
SInv    .            (boots unavailable)
Will    .....        f - amulet of the acrobat
Stlth   ++           h - ring of protection from cold
HPRegen 1.17/turn    (no ring)
MPRegen 0.13/turn

%: acrobat, clarity
@: lethally poisoned (0 -> -4)
A: large, unfitting armour, claws 3, regeneration 1, shaggy fur 1, tough skin 1,
antennae 2, agile 1, clarity, clever 1, electricity resistance
a: Renounce Religion, Berserk, Trog's Hand, Brothers in Arms


You were on level 9 of the Dungeon.
You worshipped Trog.
Trog was extremely pleased with you.
You visited 1 branch of the dungeon, and saw 9 of its levels.
You also visited: Sewer.

You collected 405 gold pieces.

Inventory:

Hand Weapons
 a - a +7 dire flail
 r - the +9 hand axe "Foliqyck" {freeze, +Blink rC- Str+4 Dex+3}
   (You found it on level 4 of the Dungeon)

   Str:       It affects your strength (+4).
   Dex:       It affects your dexterity (+3).
   rC:        It makes you vulnerable to cold.
   +Blink:    It lets you blink.
Missiles
 k - 9 boomerangs
 l - 2 poisoned darts
 F - a curare-tipped dart
 G - a throwing net
Armour
 w - a +2 robe of positive energy (worn)
 H - a +0 kite shield
Jewellery
 f - an amulet of the acrobat (around neck)
 h - a ring of protection from cold (left claw)
 s - a ring of fire
 t - a ring of magical power
 B - an amulet of reflection
Wands
 x - a wand of light (15)
Scrolls
 b - 3 scrolls of noise
 i - 7 scrolls of teleportation
 m - 2 scrolls of enchant armour {unknown}
 p - a scroll of poison {unknown}
 q - a scroll of silence {unknown}
 u - a scroll of revelation {unknown}
 y - a scroll of torment {unknown}
 C - a scroll of blinking {unknown}
 E - a scroll of immolation
Potions
 c - a potion of mutation
 d - a potion of resistance {unknown}
 e - 3 potions of might
 g - a potion of brilliance {unknown}
 j - a potion of curing
 n - 3 potions of invisibility
 o - 4 potions of haste
 v - a potion of lignification {unknown}
 z - 3 potions of attraction
 A - 2 potions of heal wounds {unknown}
 D - a potion of cancellation {unknown}


   Skills:
 * Level 5.1 Fighting
 * Level 4.7 Throwing
 * Level 6.7 Dodging
 + Level 1.5 Stealth
 * Level 0.2 Shields
 * Level 12.2 Unarmed Combat
 * Level 3.7 Invocations
 * Level 2.7 Evocations


You had 10 spell levels left.
You didn't know any spells.
Your spell library was empty.

Dungeon Overview and Level Annotations

Branches:
Dungeon (9/15)             Temple (0/1) D:5           Sewer (visited)
   Lair: D:8-11         Orc: D:9-12

Altars:
Fedhas
Hepliaklqana
Nemelex Xobeh
Okawaru
Zin

Shops:
D:3 (   D:4 *

Annotations:
D:3 3 runed translucent doors, paps's ghost, amateur OpSh
D:9 Erolcha


Innate Abilities, Weirdness & Mutations

You are too large for most types of armour.
You have claws for hands.
Your natural rate of healing is unusually fast.
You are covered in fur. (AC +1)
You have tough skin. (AC +1)
You have a pair of antennae on your head.
You are agile. (Dex +4, Str/Int -1)
You possess an exceptional clarity of mind.
Your mind is acute. (Int +4, Str/Dex -1)
You are resistant to electric shocks. (rElec)


Message History

The killer bee closely misses you. The killer bee stings you.
You closely miss the killer bee.
The killer bee is severely wounded.
The killer bee barely misses you.
You miss the killer bee.
The killer bee is severely wounded.
The killer bee stings you.
You are poisoned.
The killer bee poisons you! The killer bee stings you.
You are more poisoned.
The killer bee poisons you!
You miss the killer bee.
The killer bee is severely wounded.
You feel very sick. The killer bee barely misses you.
You mangle the killer bee!!
You kill the killer bee!
Trog accepts your kill.
You feel very sick. The bullfrog hits you!
* * * LOW HITPOINT WARNING * * *
You closely miss the bullfrog.
You feel sick. The bullfrog hits you.
* * * LOW HITPOINT WARNING * * *
You mangle the bullfrog!!
You kill the bullfrog!
Trog accepts your kill.
You feel sick. The killer bee stings you!
* * * LOW HITPOINT WARNING * * *
You are more poisoned.
The killer bee poisons you!
You scratch the killer bee but do no damage.
* * * LOW HITPOINT WARNING * * *
You feel very sick. The killer bee barely misses you.
You completely miss the killer bee. Your claw misses the killer bee.
* * * LOW HITPOINT WARNING * * *
You feel very sick.
The killer bee stings you but does no damage.
The killer bee stings you.
You die...

#.).................{...
#.##########.y....{..{..
#.# #.###########
#.##########..o.o.......
#......{††..{{o.........
#.#########...########.#
#.# #...########.#
#.#########o............
#....)[@yyoo............
#..##########...........
#..# #.)########. #..#
#..# #. #..##########..#
#.
#..............########.
#.......................
#...............########
#...............########


You could see an orc warrior, 2 killer bees and 2 orcs.

Vanquished Creatures
  Erica (D:8)
  Amaemon (D:8)
  Pikel (D:6)
  An orange demon (D:8)
  2 trolls
  A hornet (D:7)
  Grinder (D:6)
  3 yaks (D:9)
  Eustachio (D:5)
  A wraith (D:8)
  Grum (D:8)
  3 steam dragons (D:8)
  Menkaure (D:6)
  An acid dragon (D:8)
  A water moccasin (D:5)
  An orc warrior (D:7)
  2 ice beasts (D:5)
  2 black bears
  2 wolves (D:8)
  4 sky beasts
  2 centaurs
  An ogre (D:5)
  A phantom (D:6)
  A kobold brigand (D:8)
  6 bullfrogs
  2 scorpions (D:4)
  A gnoll sergeant (D:9)
  10 wights
  13 killer bees
  4 howler monkeys
  A hound (D:5)
  5 jellies
  A gnoll bouda (D:8)
  5 orc priests
  3 iguanas
  A sleepcap (D:7)
  Terence (D:2)
  6 orc wizards
  10 gnolls
  7 adders
  A river rat (Sewer)
  A white imp (D:7)
  A worm (D:4)
  2 dart slugs
  30 orcs
  6 bats
  12 endoplasms
  10 giant cockroaches
  8 hobgoblins
  8 jackals
  10 kobolds
  5 quokkas
  10 ball pythons
  3 frilled lizards
  3 goblins
  10 rats
232 creatures vanquished.

Notes
Turn   | Place    | Note
-------+----------+-------------------------------------------
     0 | D:1      | rlaxxx the Troll Berserker began the quest for the Orb.
     0 | D:1      | Reached XP level 1. HP: 22/22 MP: 0/0
   155 | D:1      | Reached XP level 2. HP: 29/29 MP: 1/1
   687 | D:1      | Reached XP level 3. HP: 34/36 MP: 2/2
   705 | D:1      | Found a faded altar of an unknown god.
   995 | D:2      | Reached ** piety under Trog
  1355 | D:2      | Reached skill level 4 in Unarmed Combat
  1575 | D:2      | Noticed Terence
  1583 | D:2      | Killed Terence
  1584 | D:2      | Reached XP level 4. HP: 38/45 MP: 3/3
  2014 | D:3      | Found Lesoip's Weapon Shoppe.
  2173 | D:3      | Found an iron altar of Okawaru.
  2373 | D:3      | Found a runed translucent gate.
  2373 | D:3      | Found a runed translucent gate.
  2373 | D:3      | Found a runed translucent gate.
  2487 | D:3      | Noticed paps's ghost (amateur OpSh)
  2668 | D:4      | Found a glowing drain.
  2681 | Sewer    | Entered a sewer
  2694 | Sewer    | Reached XP level 5. HP: 53/53 MP: 4/4
  2817 | Sewer    | Reached skill level 5 in Unarmed Combat
  2826 | Sewer    | Found a viscous altar of Jiyva.
  2863 | Sewer    | Reached *** piety under Trog
  2917 | Sewer    | Gained mutation: You are weak. (Str -2) [potion of
                  | mutation]
  2917 | Sewer    | Gained mutation: You occasionally lose the ability to read
                  | scrolls when taking damage. [potion of mutation]
  2917 | Sewer    | Gained mutation: You occasionally lose the ability to drink
                  | potions when taking damage. [potion of mutation]
  2917 | Sewer    | Gained mutation: You possess an exceptional clarity of
                  | mind. [potion of mutation]
  2918 | Sewer    | Lost mutation: You occasionally lose the ability to read
                  | scrolls when taking damage. [potion of mutation]
  2918 | Sewer    | Lost mutation: You are weak. (Str -2) [potion of mutation]
  2918 | Sewer    | Lost mutation: You occasionally lose the ability to drink
                  | potions when taking damage. [potion of mutation]
  2918 | Sewer    | Gained mutation: You are resistant to electric shocks.
                  | (rElec) [potion of mutation]
  2918 | Sewer    | Gained mutation: You have hidden genetic potential. [potion
                  | of mutation]
  2918 | Sewer    | Gained mutation: You have a pair of small antennae on your
                  | head. [potion of mutation]
  2918 | Sewer    | Gained mutation: Your mind is acute. (Int +4, Str/Dex -1)
                  | [potion of mutation]
  3020 | D:4      | Found Zin's Purification Station.
  3021 | D:4      | Found a glowing silver altar of Zin.
  3116 | D:4      | Reached XP level 6. HP: 59/61 MP: 5/5
  3123 | D:4      | Reached skill level 1 in Throwing
  3227 | D:4      | Gained mutation: You have a pair of antennae on your head.
                  | [hidden potential]
  3285 | D:4      | Reached skill level 6 in Unarmed Combat
  3301 | D:4      | Identified the +9 hand axe "Foliqyck" {freeze, +Blink rC-
                  | Str+4 Dex+3}
  3321 | D:4      | Found a sparkling altar of Nemelex Xobeh.
  3831 | D:5      | Entered Level 5 of the Dungeon
  3833 | D:5      | Noticed an ice beast
  3856 | D:5      | Killed an ice beast
  3857 | D:5      | Reached XP level 7. HP: 63/67 MP: 6/6
  3875 | D:5      | Gained mutation: You are agile. (Dex +4, Str/Int -1)
                  | [hidden potential]
  3875 | D:5      | Lost mutation: You have hidden genetic potential. [hidden
                  | potential expressed]
  3896 | D:5      | Noticed a troll
  3901 | D:5      | Found a staircase to the Ecumenical Temple.
  3924 | D:5      | Reached skill level 7 in Unarmed Combat
  4039 | D:5      | Found a blossoming altar of Fedhas.
  4143 | D:5      | Noticed Eustachio
  4162 | D:5      | Reached XP level 8. HP: 78/78 MP: 7/7
  4171 | D:5      | Killed Eustachio
  4172 | D:5      | Reached skill level 8 in Unarmed Combat
  4246 | D:5      | Killed a troll
  4246 | D:5      | Reached **** piety under Trog
  4512 | D:6      | Reached skill level 1 in Stealth
  4519 | D:6      | Noticed Pikel
  4530 | D:6      | Killed Pikel
  4531 | D:6      | Reached skill level 9 in Unarmed Combat
  4531 | D:6      | Reached XP level 9. HP: 25/84 MP: 8/8
  4557 | D:6      | Noticed Grinder
  4565 | D:6      | Killed Grinder
  4566 | D:6      | Reached skill level 5 in Dodging
  4566 | D:6      | Reached skill level 1 in Invocations
  4650 | D:6      | Noticed Menkaure
  4657 | D:6      | Killed Menkaure
  4658 | D:6      | Reached skill level 1 in Evocations
  5034 | D:6      | Found a hazy altar of Hepliaklqana.
  5068 | D:6      | You fall into a shaft and drop 2 floors!
  5090 | D:7      | Reached skill level 10 in Unarmed Combat
  5377 | D:7      | Paralysed by a hornet for 3 turns
  5620 | D:7      | Reached XP level 10. HP: 94/94 MP: 10/10
  6220 | D:8      | Reached skill level 11 in Unarmed Combat
  6275 | D:8      | Noticed Grum
  6303 | D:8      | Killed Grum
  6396 | D:8      | Noticed Erica
  6401 | D:8      | Killed Erica
  6468 | D:8      | Noticed Amaemon
  6575 | D:8      | Reached ***** piety under Trog
  7091 | D:8      | Reached skill level 5 in Fighting
  7114 | D:8      | Noticed an orange demon
  7122 | D:8      | Killed Amaemon
  7123 | D:8      | Reached skill level 12 in Unarmed Combat
  7127 | D:8      | Killed an orange demon
  7374 | D:9      | Reached XP level 11. HP: 102/102 MP: 12/12
  7381 | D:9      | Received a gift from Trog
  7546 | D:9      | Noticed Erolcha
  7600 | D:9      | HP: 5/102 [poisoned by a killer bee]
  7600 | D:9      | Slain by a killer bee

Illustrated notes

Levels and vault maps discovered:
D:1:      dpeg_arrival_three_smaller_balls, layout_basic,
          hellmonk_ecumenical_altar_inner_sanctum
D:2:      layout_basic, nicolae_underground_beach, uniq_terence
D:3:      layout_basic, hellmonk_okawaru_the_only_friend_you_need,
          gammafunk_ghost_icy, serial_shops, shop, kennysheep_generic_room_13
D:4:      layout_loops_corners, mainiacjoe_overflow_brackets, zin_purify,
          cheibrodos_sewer_entry_drain
D:5:      layout_cave_pools, mainiacjoe_overflow_alcove_2,
          minmay_temple_entry_grid, uniq_eustachio
D:6:      layout_loops_ring, mainiacjoe_overflow_alcove_1,
          hangedman_decor_diamond_cutter, uniq_grinder, uniq_pikel,
          uniq_menkaure
D:7:      layout_loops_ring, eino_jars
D:8:      layout_loops_ring, uniq_amaemon, uniq_grum, uniq_erica
D:9:      layout_long_grid, minmay_circle_x, uniq_erolcha

Skill      XL: |  1  2  3  4  5  6  7  8  9 10 |
---------------+-------------------------------+-----
Fighting       | 3 4 5 |  5.1
Unarmed Combat | 4 5 6 7 9 10 12 | 12.2
Dodging        | 3 4 5 6 |  6.7
Throwing       | 1 2 3 4 |  4.7
Stealth        | 1 |  1.5
Invocations    | 2 3 |  3.7
Evocations     | 1 2 |  2.7
Shields        | |  0.2

Action                     |  1- 3 |  4- 6 |  7- 9 | 10-12 || total
---------------------------+-------+-------+-------+-------++-------
  Melee: Unarmed           |   113 |   179 |   156 |   201 ||   649
         Punch             |     4 |     4 |     8 |    13 ||    29
    Use: Scroll            |     2 |     9 |       |     2 ||    13
         Potion            |       |     2 |       |     4 ||     6
   Stab: Sleeping          |       |     1 |     2 |     2 ||     5
 Armour: Animal skin       |    46 |    48 |    16 |       ||   110
         Robe              |       |       |    15 |    42 ||    57
  Dodge: Dodged            |    70 |    92 |   114 |   220 ||   496

Table legend: (Time is in decaauts)
 A = Elapsed time spent in this place.
 B = Non-inter-level travel time spent in this place.
 C = Inter-level travel time spent in this place.
 D = Time resting spent in this place.
 E = Time spent auto-exploring this place.
 F = Levels seen in this place.
 G = Mean time per level.
                   A        B        C        D        E       F      G
               +--------+--------+--------+--------+--------+-----+--------+
         Total |   7520 |   6734 |    786 |    310 |   4282 |  10 |  752.0 |
       Dungeon |   7286 |   6500 |    786 |    310 |   4172 |   9 |  809.6 |
         Sewer |    234 |    234 |      0 |      0 |    110 |   1 |  234.0 |
               +--------+--------+--------+--------+--------+-----+--------+

Top non-repeatable levels by time:
     D:8: 1122 daAuts
     D:1: 984 daAuts
     D:4: 984 daAuts
     D:7: 955 daAuts
     D:2: 826 daAuts
     D:3: 784 daAuts
     D:6: 760 daAuts
     D:5: 614 daAuts
     D:9: 252 daAuts
   Sewer: 234 daAuts
